AoeStats
← sky_wu

Pilgrims

510250079Analyzed
2v2 RM · 1d ago on Sep 30, 2026· 16m 42s· 4 players
Game mode
Random Map
Map size
Medium (4 player)
Population
200
Speed
Normal
Resources
Standard
Victory
Conquest
Starting age
Dark Age
Ending age
Imperial Age
RankedLock teamsTeams togetherTeam positionsShared explorationLock speedFull tech treeHidden civsTurbo modeCheats
Victory
Defeat
🇺🇸 Portuguese · United States
1124
+15
🇦🇷 Persians · Argentina
1111
+16
🇹🇼 Koreans · Taiwan
1156
-17
🇦🇷 Spanish · Argentina
1064
-14
X Saint
11:25 Feudal Age
14:06 Fletching
19:01 Castle Age
16:47 Loom
DS_Mc. Patto
8:43 Loom
11:04 Feudal Age
12:52 Fishing Lines
13:41 Gold Mining
16:29 Double-Bit Axe
0xLexA.23
4:54 Loom
11:35 Feudal Age
15:10 Castle Age
13:20 Gold Mining
13:23 Stone Mining
14:17 Town Watch
sky_wu
3:27 Loom
13:00 Feudal Age
14:24 Double-Bit Axe
18:51 Castle Age
Connection lost

Rejoining the realm…

Still unreachable

The connection could not be restored.

Session expired

The server has moved on; the page needs a fresh start.